 Dungeon Crawl Stone Soup version 0.24.0-37-gcf1ca852f1 (webtiles) character file.

Game seed: 8235445018617025869, levelgen mode: deterministic

616 Gildeon the Cleaver (level 7, -2/57 HPs)
             Began as a Minotaur Fighter on Nov 24, 2019.
             Was a Follower of Okawaru.
             Slain by a sky beast (5 damage)
             ... on level 5 of the Dungeon on Nov 29, 2019.
             The game lasted 00:07:29 (4021 turns).

Gildeon the Cleaver (Minotaur Fighter)              Turns: 4021, Time: 00:07:30

Health: -2/57      AC:  9    Str: 23    XL:     7   Next: 21%
Magic:  6/6        EV:  5    Int:  5    God:    Okawaru [*.....]
Gold:   235        SH:  9    Dex:  9    Spells: 6/6 levels left

rFire    x . .     SeeInvis .   a - +2 war axe (elec)
rCold    + . .     Gourm    .   c - +0 shield
rNeg     . . .     Faith    .   n - +0 chain mail
rPois    .         Spirit   .   (helmet restricted)
rElec    .         Reflect  .   (no cloak)
rCorr    .         Harm     .   (no gloves)
MR       .....                  (no boots)
Stlth    ..........             (no amulet)
HPRegen  0.19/turn              v - ring of ice
MPRegen  0.10/turn              (no ring)

@: no status effects
A: retaliatory headbutt, horns 2
a: Heroism, Renounce Religion


You were on level 5 of the Dungeon.
You worshipped Okawaru.
Okawaru was aware of your devotion.
You were not hungry.

You visited 2 branches of the dungeon, and saw 6 of its levels.

You collected 235 gold pieces.

Inventory:

Hand Weapons
 a - a +2 war axe of electrocution (weapon)
 l - a +0 club
Missiles
 p - 4 poisoned darts (quivered)
Armour
 c - a +0 shield (worn)
 n - a +0 chain mail (worn)
Jewellery
 v - a ring of ice (left hand)
Scrolls
 g - 2 scrolls of remove curse
 i - a scroll of blinking
 j - a scroll of amnesia {unknown}
 k - 4 scrolls of teleportation
 q - a scroll of noise {unknown}
 s - a scroll of fog {unknown}
 u - a scroll of enchant weapon {unknown}
 w - 2 scrolls of fear {unknown}
Potions
 b - 2 potions of flight
 d - 2 potions of might
 e - a potion of lignification
 h - a potion of berserk rage
 m - a potion of haste
 o - a potion of mutation {unknown}
 r - 2 potions of curing
 t - a potion of heal wounds {unknown}
Comestibles
 f - 10 rations
 x - 3 chunks of flesh


   Skills:
 - Level 3.6 Fighting
 + Level 9.6 Axes
 - Level 3.6 Armour
 - Level 3.6 Shields


You had 6 spell levels left.
You didn't know any spells.
Your spell library was empty.

Dungeon Overview and Level Annotations

Branches:
Dungeon (5/15)             Temple (1/1) D:4

Altars:
Ashenzari
Cheibriados
Elyvilon
Fedhas
Hepliaklqana
Makhleb
Okawaru
Qazlal
Ru
Sif Muna
Trog
Uskayaw
Vehumet
Wu Jian
Xom
Yredelemnul


Innate Abilities, Weirdness & Mutations

You reflexively headbutt those who attack you in melee.
You have a pair of horns on your head.


Message History

You barely miss something. You headbutt something.
You block something's attack.
Your shield and chain mail prevent you from hitting something.
Something hits you. Something shocks you.
You closely miss something. Something hits you but does no damage.
You barely miss something. Your headbutt misses something.
Something hits you but does no damage.
You miss something. Your headbutt misses something.
Something hits you but does no damage.
You miss something. You headbutt something. Something hits you.
Something shocks you.
* * * LOW HITPOINT WARNING * * *
Something hits you.
* * * LOW HITPOINT WARNING * * *
Something shocks you.
* * * LOW HITPOINT WARNING * * *
You miss something. You headbutt something. Something hits you.
* * * LOW HITPOINT WARNING * * *
Something shocks you.
You die...

#.# #........
#.#####.##
#.####...
#.....#.#
#.#######
#.#####.##
#.#.....>
#.########.#.#####
#..........#.# #
#####..........# #
##.###.##########
# #..{@..# #
##.##### #
........# #
######.ยง# # #..#
# #..# # .... #
.... # ++### #


There were no monsters in sight!

Vanquished Creatures
  A sky beast (D:5)
  2 hounds (D:4)
  2 orc priests
  A jelly (D:5)
  A centaur skeleton (D:5)
  A gnoll shaman (D:5)
  2 orc wizards (D:3)
  4 worker ants
  A hound skeleton (D:4)
  3 gnolls (D:5)
  4 adders
  3 oozes
  2 worms (D:3)
  2 dart slugs
  3 leopard geckos
  8 orcs
  5 bats
  3 giant cockroaches (D:1)
  5 goblins
  3 hobgoblins
  2 jackals (D:4)
  5 frilled lizards
  7 kobolds
  8 rats
78 creatures vanquished.

Notes
Turn   | Place    | Note
-------+----------+-------------------------------------------
     0 | D:1      | Gildeon the Minotaur Fighter began the quest for the Orb.
     0 | D:1      | Reached XP level 1. HP: 19/19 MP: 0/0
    82 | D:1      | Reached skill level 3 in Axes
   192 | D:1      | Reached XP level 2. HP: 23/26 MP: 1/1
   306 | D:1      | Reached skill level 4 in Axes
   755 | D:2      | Reached XP level 3. HP: 31/31 MP: 2/2
   813 | D:2      | Found a stormy altar of Qazlal.
  1055 | D:2      | Reached skill level 5 in Axes
  1322 | D:3      | HP: 1/31 [something (1)]
  1323 | D:3      | Reached XP level 4. HP: 1/39 MP: 3/3
  1329 | D:3      | Reached skill level 6 in Axes
  1673 | D:3      | Reached XP level 5. HP: 26/45 MP: 4/4
  2402 | D:3      | Reached skill level 7 in Axes
  2679 | D:4      | Found a shattered altar of Ashenzari.
  2681 | D:4      | Found a staircase to the Ecumenical Temple.
  2692 | D:4      | Reached XP level 6. HP: 11/51 MP: 5/5
  2920 | Temple   | Entered the Ecumenical Temple
  2933 | Temple   | Became a worshipper of Warmaster Okawaru
  3015 | D:4      | Reached skill level 8 in Axes
  3137 | D:4      | Found a shimmering blue altar of Sif Muna.
  3418 | D:5      | Entered Level 5 of the Dungeon
  3591 | D:5      | Noticed a sky beast
  3604 | D:5      | Killed a sky beast
  3604 | D:5      | Reached skill level 9 in Axes
  3604 | D:5      | Reached XP level 7. HP: 30/57 MP: 6/6
  3798 | D:5      | Reached * piety under Okawaru
  4021 | D:5      | Slain by a sky beast

Levels and vault maps discovered:
D:1:      psy_arrival_fountain, layout_basic
D:2:      layout_basic, nicolae_qazlal_general_emergency
D:3:      layout_loops_ring
D:4:      layout_loops_ring, old_standard_altar, old_standard_altar,
          minmay_temple_entry_proselytizer, first_ration
D:5:      layout_loops_ring, kennysheep_cross_bottleneck
Temple:   nicolae_temple_god_jail

Skill      XL: |  1  2  3  4  5  6 |
---------------+-------------------+-----
Axes           | 3 4 5 6 7 9 |  9.6
Fighting       | |  3.6
Armour         | |  3.6
Shields        | |  3.6

Action                   |  1- 3 |  4- 6 |  7- 9 || total
-------------------------+-------+-------+-------++-------
Melee: War axe           |    86 |   110 |    30 ||   226
       Headbutt          |    14 |    19 |     6 ||    39
Throw: Dart              |     8 |    11 |     1 ||    20
  Use: Scroll            |     3 |     4 |       ||     7
       Potion            |       |     1 |       ||     1
  Eat: Chunk             |     1 |     8 |     1 ||    10
Armor: Scale mail        |    37 |     2 |       ||    39
       Chain mail        |       |    49 |     8 ||    57
Dodge: Dodged            |    20 |    10 |     5 ||    35
Block: Shield            |    37 |    53 |     7 ||    97
